Map: Templo Congelado

Players

TheZergLord - Winner!

  • Race: Zerg Zerg
  • League: Master

DakkoN

  • Race: Zerg Zerg
  • League: Master

VOD

Have the link to the VOD?

Description

Time

  • Played on: April 26, 2016, 2:19 p.m.
  • Length: 8:09
Show
View Real Time Build Order
Export as new Build Order

TheZergLord Zerg - Winner!

Build Orders: Pool First, Zergling Baneling 

Get SALT Encoding   

  12  0:01  Drone  
  13  0:09  Drone  
  14  0:18  Extractor  
  14  0:21  Drone  
  14  0:32  Spawning Pool  
  13  0:37  Drone  
  14  0:44  Extractor, Drone  
  15  0:54  Overlord  
  15  1:13  Drone x2  
  17  1:19  Queen  
  17  1:23  Metabolic Boost  
  19  1:28  Zergling x2  
  19  1:32  Zergling x2  
  21  1:37  Zergling x2  
  22  1:45  Baneling Nest  
  21  1:52  Overlord  
  21  1:59  Zergling x2  
  22  2:10  Queen  
  24  2:17  Zergling x2  
  25  2:28  Drone x4  
  29  2:35  Baneling x3  
  29  2:36  Baneling  
  29  2:39  Baneling  
  26  3:02  Queen  
  28  3:08  Zergling x2  
  28  3:09  Zergling x4  
  29  3:14  Baneling x4  
  29  3:27  Spine Crawler, Overlord  
  29  3:28  Baneling  
  28  3:41  Queen  
  29  3:53  Zergling x4  
  29  3:54  Zergling x8  
  27  4:12  Baneling  
  27  4:13  Baneling x4  
  27  4:23  Queen  
  29  4:24  Drone x2  
  29  4:26  Drone  
  32  4:36  Drone x2  
  34  4:51  Drone x4  
  38  5:13  Queen  
  37  5:35  Hatchery  
  37  5:36  Extractor, Roach Warren  
  34  5:46  Drone x3  
  34  5:47  Drone  
  38  5:50  Overlord  
  38  5:51  Overlord  
  38  6:17  Roach x5  
  48  6:27  Drone  
  48  6:41  Roach  
  48  6:46  Roach x2  
  54  6:55  Roach  
  54  6:56  Roach x2  
  54  7:00  Overlord  
  60  7:11  Baneling x5  
  60  7:12  Baneling x2  
  60  7:21  Zergling x6  
  60  7:22  Zergling x10  
  63  7:30  Ravager x4  
  63  7:32  Zergling x2  
  68  7:40  Overlord x2  
  62  8:01  Ravager x2  
Show
View Real Time Build Order
Export as new Build Order

DakkoN Zerg 

Build Orders: Pool First, Zergling Baneling 

Get SALT Encoding   

  12  0:01  Drone  
  13  0:08  Drone  
  14  0:16  Extractor  
  14  0:17  Drone  
  14  0:33  Spawning Pool  
  13  0:38  Drone  
  13  0:42  Extractor  
  13  0:43  Drone  
  15  0:52  Overlord  
  15  1:20  Zergling x6, Metabolic Boost  
  18  1:31  Zergling x2  
  19  1:36  Baneling Nest  
  18  1:43  Zergling x2  
  18  1:45  Queen  
  21  1:54  Zergling x2  
  22  2:23  Baneling x2  
  22  2:24  Baneling  
  22  2:27  Overlord  
  22  2:30  Zergling x2, Extractor  
  23  2:48  Baneling x2  
  21  3:00  Zergling x12  
  26  3:15  Baneling  
  26  3:16  Baneling  
  26  3:20  Zergling x2  
  26  3:26  Baneling  
  27  3:31  Hatchery  
  23  3:42  Baneling  
  16  4:10  Zergling x8  
  16  4:15  Zergling x2  
  16  4:16  Queen  
  22  4:25  Drone  
  23  4:35  Drone  
  24  4:40  Overlord  
  24  4:41  Drone x2  
  24  4:44  Baneling x2  
  26  4:47  Drone x2  
  26  5:00  Drone x2  
  26  5:17  Zergling x12  
  31  5:28  Zergling x4  
  33  5:33  Evolution Chamber  
  32  5:38  Zergling x6  
  35  5:46  Baneling x4  
  35  5:47  Baneling x2  
  34  5:59  Drone x4  
  36  6:15  Baneling x3  
  36  6:16  Baneling  
  35  6:20  Drone x2  
  35  6:21  Drone x3  
  35  6:23  Extractor  
  34  6:47  Zergling x2  
  34  6:48  Zergling x10  
  34  6:52  Drone  
  34  6:53  Drone x3  
  44  7:01  Spine Crawler  
  44  7:02  Zergling x2  
  44  7:11  Overlord x2  
  42  7:28  Zergling x6  
  42  7:29  Zergling x10  
  43  7:38  Zergling x6  
  43  7:44  Spine Crawler  
Tags
 
Add a new tag
Caveats
  • Supply blocks, unpowered buildings, or Contaminate may cause inaccurate times.
  • Supply counts are checked every 10 seconds.